 Dungeon Crawl Stone Soup version 0.31-a0-1236-gaa9e43cceb (webtiles) character file.

Game seed: 6567531523926345438

2 MacCMillion the Chopper (level 1, 18/18 HPs)
             Began as a Minotaur Gladiator on Dec 15, 2023.
             Quit the game on level 1 of the Dungeon.
             The game lasted 00:00:33 (36 turns).

MacCMillion the Chopper (Minotaur Gladiator)          Turns: 36, Time: 00:00:34

Health: 18/18      AC:  3    Str: 18    XL:     1   Next: 25%
Magic:  0/0        EV: 12    Int:  5    God:
Gold:   14         SH:  0    Dex: 11    Spells: 0/0 levels left

rFire   . . .        a - +0 war axe
rCold   . . .        (no shield)
rNeg    . . .        b - +0 leather armour
rPois   .            c - +0 hat
rElec   .            (no cloak)
rCorr   .            (no gloves)
SInv    .            (no boots)
Will    .....        (no amulet)
Stlth   +            (no ring)
HPRegen 0.23/turn    (no ring)
MPRegen 0.07/turn

%: no passive effects
@: no status effects
A: horns 2, retaliatory headbutt
a: no special abilities


You were on level 1 of the Dungeon.
You visited 1 branch of the dungeon, and saw 1 of its levels.

You collected 14 gold pieces.

Inventory:

Hand Weapons
 a - a +0 war axe (weapon)
Missiles
 d - 3 throwing nets (quivered)
 e - a javelin
Armour
 b - a +0 leather armour (worn)
 c - a +0 hat (worn)
Scrolls
 f - 3 scrolls of vulnerability {unknown}
 g - a scroll of identify {unknown}


   Skills:
 - Level 2.4 Fighting
 + Level 3.7 Axes
 - Level 2.0 Throwing
 + Level 3.3 Dodging


You couldn't memorise any spells.
You didn't know any spells.
Your spell library was empty.

Dungeon Overview and Level Annotations

Branches:
Dungeon (1/15)

Altars:


Innate Abilities, Weirdness & Mutations

You have a pair of horns on your head.
You reflexively headbutt those who attack you in melee.


Message History

Welcome, MacCMillion the Minotaur Gladiator.
The Orb of Zot is coveted for many reasons.
Will you seize it for your own?
Press ? for a list of commands and other information.
Found 3 scrolls labelled ESUWILO QITANA.
Found a staircase leading out of the dungeon.
f - 3 scrolls labelled ESUWILO QITANA A ball python comes into view.
A ball python is nearby!
A ball python is nearby!
A hobgoblin comes into view.
The hobgoblin shouts!
Found 14 gold pieces.
The ball python barely misses you. You furiously retaliate!
You headbutt the ball python!
You kill the ball python!
The hobgoblin hits you.
You see here a ball python corpse.
You hit the hobgoblin.
The hobgoblin is moderately wounded.
The hobgoblin closely misses you.
You barely miss the hobgoblin.
The hobgoblin hits you but does no damage.
You closely miss the hobgoblin. You headbutt the hobgoblin.
You kill the hobgoblin!
No target in view!
g - a scroll labelled IPRYTE XUTYE You now have 14 gold pieces.
An endoplasm comes into view.
The endoplasm quivers.
The endoplasm moves out of view.
Found a stone staircase leading down.
Sorry, you're not good enough to have a special ability.
Unknown command.
You aren't carrying any potions.
You don't know any spells.
Are you sure you want to abandon this character and quit the game? (Confirm with "yes".)

## .# ####.# .# ...##
.....####.# ..>..
...†......# #....
....†.....# ...#
..........# ###...###
..........# #.......#
.........## #........
.........#######@.J....#
.................#...###
#####.######.........#
#.# #.######### #.# #.#
#.# #.# #.# #.# #.# #.#
..# #.#


You could see an endoplasm.

Vanquished Creatures
  A hobgoblin (D:1)
  A ball python (D:1)
2 creatures vanquished.

Notes
Turn   | Place    | Note
-------+----------+-------------------------------------------
     0 | D:1      | MacCMillion the Minotaur Gladiator began the quest for the
                  | Orb.
     0 | D:1      | Reached XP level 1. HP: 18/18 MP: 0/0
    36 | D:1      | Quit the game

Illustrated notes

Levels and vault maps discovered:
D:1:      onia_arrival_pyramid, layout_loops_ring, basic_ecumenical_altar,
          patterned_corridor

Action                     || total
---------------------------++-------
  Melee: War axe           ||     3
         Headbutt          ||     1
 Armour: Leather armour    ||     2
  Dodge: Dodged            ||     2

Table legend: (Time is in decaauts)
 A = Elapsed time spent in this place.
 B = Non-inter-level travel time spent in this place.
 C = Inter-level travel time spent in this place.
 D = Time resting spent in this place.
 E = Time spent auto-exploring this place.
 F = Levels seen in this place.
 G = Mean time per level.
                   A        B        C        D        E       F      G
               +--------+--------+--------+--------+--------+-----+--------+
         Total |     37 |     37 |      0 |      0 |     23 |   1 |   37.0 |
       Dungeon |     37 |     37 |      0 |      0 |     23 |   1 |   37.0 |
               +--------+--------+--------+--------+--------+-----+--------+

Top non-repeatable levels by time:
     D:1: 37 daAuts
